 Dungeon Crawl Stone Soup version 0.28.0-43-g3370ac3207 (webtiles) character file.

Game seed: 3676842209277906176

210 pkoi the Conjurer (level 5, 0/31 HPs)
             Began as an Octopode Conjurer on Mar 17, 2022.
             Slain by Grinder (6 damage)
             ... on level 3 of the Dungeon.
             The game lasted 00:05:13 (4012 turns).

pkoi the Conjurer (Octopode Conjurer)               Turns: 4012, Time: 00:05:14

Health: 0/31       AC:  1    Str:  6    XL:     5   Next: 87%
Magic:  1/8        EV: 13    Int: 29    God:
Gold:   138        SH:  0    Dex: 16    Spells: 1/8 levels left

rFire   . . .      SeeInvis .   e - +2 short sword (vamp)
rCold   . . .      Faith    .   (no shield)
rNeg    . . .      Spirit   .   (helmet restricted)
rPois   .          Reflect  .   (no amulet)
rElec   .          Harm     .   l - ring of Moderation {Int+6 Dex+6}
rCorr   .          Rampage  .   (no ring)
Will    .....                   (no ring)
Stlth   +++.......              (no ring)
HPRegen 0.10/turn               (no ring)
MPRegen 0.11/turn               (no ring)
                                (no ring)
                                (no ring)

@: weak-willed
A: almost no armour, amphibious, 8 rings, camouflage 1, gelatinous body 1,
(nimble swimmer 1), tentacles
a: no special abilities


You were on level 3 of the Dungeon.
You visited 1 branch of the dungeon, and saw 3 of its levels.
You also visited: Sewer.

You collected 138 gold pieces.

Inventory:

Hand Weapons
 d - a +1 mace of pain
 e - a +2 vampiric short sword (weapon)
Armour
 j - an orb of guile
Jewellery
 l - the ring of Moderation (left tentacle) {Int+6 Dex+6}
   (You found it on level 3 of the Dungeon)

   [ring of dexterity]

   Int:       It affects your intelligence (+6).
   Dex:       It affects your dexterity (+6).
Scrolls
 a - a scroll of identify
 c - a scroll of holy word
Potions
 g - 2 potions of magic {unknown}
 h - 2 potions of berserk rage {unknown}
 k - 2 potions of resistance {unknown}
 n - 2 potions of invisibility {unknown}
 o - 2 potions of cancellation {unknown}
 p - a potion of brilliance


   Skills:
 - Level 2.0 Dodging
 - Level 2.6 Stealth
 - Level 2.0 Spellcasting
 + Level 6.3 Conjurations
 + Level 2.5 Translocations


You had one spell level left.
You knew the following spells:

 Your Spells              Type           Power      Damage    Failure   Level
a - Magic Dart            Conj           100%       1d8       1%          1
b - Searing Ray           Conj           78%        2d7       1%          2
c - Iskenderun's Mystic   Conj/Tloc      28%        2d7       14%         4

Your spell library contained the following spells:

 Spells                   Type           Power      Damage    Failure   Level
 Apportation              Tloc           34%        N/A       3%          1
 Animate Skeleton         Necr           4%         N/A       9%          1
 Summon Small Mammal      Summ           8%         N/A       9%          1
 Dazzling Flash           Conj/Hex       42%        N/A       7%          3
 Fulminant Prism          Conj/Hex       10%        3d9       24%         4


Dungeon Overview and Level Annotations

Branches:
Dungeon (3/15)              Sewer (visited)

Altars:

Annotations:
D:3 Grinder


Innate Abilities, Weirdness & Mutations

You cannot wear most types of armour.
You are amphibious.
You can wear up to eight rings at the same time.
Your skin changes colour to match your surroundings (Stealth+).
Your rubbery body absorbs attacks. (AC +1, EV +1)
((You are camouflaged when in or above water. (Stealth+)))
You have tentacles for arms and can constrict up to eight enemies at once.


Message History

Really abort (and waste the scroll)?
Okay, then.
Your surroundings suddenly seem different.
As you read the scroll labelled IMEBAR WEUFRY, it crumbles to dust.
You feel aware of your surroundings.
It was a scroll of magic mapping.
Casting: Magic Dart (safe; 1% risk of failure)
Confirm with . or Enter, or press ? or * to list all spells.
Aiming: Searing Ray (safe; 1% risk of failure)
Press: ? - help, Shift-Dir - straight line, f - Grinder
Aim: Grinder (wandering, hasn't noticed you, 78% to hit)
The searing ray misses Grinder. (Press . to maintain the ray.) Grinder gestures at you.
Pain shoots through your body!
The searing ray hits Grinder.
Grinder is lightly wounded.
The searing ray hits Grinder.
Grinder is moderately wounded.
Grinder hits you!
* * * LOW HITPOINT WARNING * * *
You writhe in agony.
* * * LOW HITPOINT WARNING * * *
The searing ray hits Grinder.
Grinder is heavily wounded.
You finish channelling your searing ray.
Grinder gestures at you.
You barely resist.
Unknown command.
Casting: Searing Ray (safe; 1% risk of failure)
Confirm with . or Enter, or press ? or * to list all spells.
Aiming: Searing Ray (safe; 1% risk of failure)
Press: ? - help, Shift-Dir - straight line, f/p - Grinder
Aim: Grinder (heavily wounded, 78% to hit)
The searing ray hits Grinder.
Grinder is heavily wounded. (Press . to maintain the ray.) Grinder hits you.
* * * LOW HITPOINT WARNING * * *
You writhe in agony.
You die...

###+##+##.......,,,****
#...............,,,*
#...............,,,*
####.........#*********
######............# *****
......>##.........# *,,,*
#####..###.....#########**,,,****
.>.....5.......5........,',,,,,,,
#......##...####@.......,*,,,*,,,
.......#.......#.####...,,,,,*,**
.........#.......# *,,,,,,,,,,**
†<########....#### *,,,,**,,,**
....# #....# *,,,,**,,,* ..#.#
#....# *,,,,**,,,* ###.# #....#
*********** ,,*,# #.#### *,*+**
*,*


You could see Grinder.

Vanquished Creatures
  3 jellies (Sewer)
  2 adders
  A river rat (Sewer)
  5 worms
  An orc (D:3)
  9 ball pythons
  14 endoplasms
  4 giant cockroaches
  4 goblins
  3 hobgoblins
  5 jackals
  3 kobolds
  5 quokkas
  A bat (D:2)
  2 frilled lizards
  9 rats
71 creatures vanquished.

Notes
Turn   | Place    | Note
-------+----------+-------------------------------------------
     0 | D:1      | pkoi the Octopode Conjurer began the quest for the Orb.
     0 | D:1      | Reached XP level 1. HP: 11/11 MP: 3/3
   139 | D:1      | Reached XP level 2. HP: 4/17 MP: 1/5
   914 | D:1      | Reached XP level 3. HP: 21/21 MP: 0/6
  1027 | D:2      | Reached skill level 5 in Conjurations
  1442 | D:2      | Learned a level 2 spell: Searing Ray
  1850 | D:2      | Found a faded altar of an unknown god.
  2403 | D:2      | Reached XP level 4. HP: 27/27 MP: 5/7
  2675 | D:3      | Identified the ring of Moderation {Int+6 Dex+6}
  2675 | D:3      | Noticed Grinder
  2678 | D:3      | Paralysed by Grinder for 3 turns
  2787 | D:3      | Learned a level 4 spell: Iskenderun's Mystic Blast
  2923 | D:3      | Found a glowing drain.
  2948 | Sewer    | Entered a sewer
  3216 | Sewer    | Reached skill level 1 in Translocations
  3409 | Sewer    | Reached skill level 6 in Conjurations
  3409 | Sewer    | Reached XP level 5. HP: 18/31 MP: 0/8
  3823 | Sewer    | Found a viscous altar of Jiyva.
  4012 | D:3      | Slain by Grinder

Illustrated notes

Levels and vault maps discovered:
D:1:      lemuel_arrival_behind_the_door_small, layout_rooms
D:2:      layout_loops_corners, dreamdust_ecumenical_altar_angels_and_demons
D:3:      minmay_roachtagon, layout_basic, cheibrodos_sewer_entry_bend,
          uniq_terence, uniq_grinder, uniq_crazy_yiuf_cottage

Skill      XL: |  1  2  3  4  5 |
---------------+----------------+-----
Conjurations   | 5 6 |  6.3
Translocations | 1 2 |  2.5
Dodging        | |  2.0
Stealth        | |  2.6
Spellcasting   | |  2.0

Action                   |  1- 3 |  4- 6 || total
-------------------------+-------+-------++-------
Melee: Unarmed           |     7 |       ||     7
       Constrict         |     7 |     4 ||    11
       Tentacles         |     6 |     2 ||     8
       Mace              |     3 |       ||     3
       Short sword       |    18 |    14 ||    32
       Punch             |     1 |       ||     1
 Cast: Magic Dart        |    54 |    71 ||   125
       Searing Ray       |       |     4 ||     4
  Use: Scroll            |       |     6 ||     6
 Stab: Sleeping          |     1 |     1 ||     2
Armor: Skin              |     1 |     1 ||     2
Dodge: Dodged            |    17 |    14 ||    31
